 Dungeon Crawl Stone Soup version 0.27.1-35-g4d5d836560 (webtiles) character file.

Game seed: 13621382033429242149

82 Delamore the Sneak (level 4, 0/29 HPs)
             Began as an Octopode Brigand on June 3, 2022.
             Slain by an orc (6 damage)
             ... on level 3 of the Dungeon.
             The game lasted 00:01:24 (2524 turns).

Delamore the Sneak (Octopode Brigand)               Turns: 2524, Time: 00:01:25

Health: 0/29       AC:  1    Str: 16    XL:     4   Next: 43%
Magic:  4/4        EV: 12    Int: 13    God:
Gold:   97         SH:  0    Dex: 14    Spells: 3/3 levels left

rFire    . . .     SeeInvis .   a - +2 dagger
rCold    . . .     Faith    .   (no shield)
rNeg     . . .     Spirit   .   (helmet restricted)
rPois    .         Reflect  .   (no amulet)
rElec    .         Harm     .   f - ring of wizardry
rCorr    .         Rampage  .   k - +6 ring of strength
Will     .....                  (no ring)
Stlth    ++++......             (no ring)
HPRegen  0.09/turn              (no ring)
MPRegen  0.09/turn              (no ring)
                                (no ring)
                                (no ring)

@: no status effects
A: almost no armour, amphibious, 8 rings, camouflage 1, gelatinous body 1,
(nimble swimmer 1), tentacles
a: no special abilities


You were on level 3 of the Dungeon.
You visited 1 branch of the dungeon, and saw 3 of its levels.

You collected 97 gold pieces.

Inventory:

Hand Weapons
 a - a +2 dagger (weapon)
Missiles
 b - 8 poisoned darts
 c - 2 curare-tipped darts
 e - 110 stones (quivered)
Jewellery
 f - a ring of wizardry (left tentacle)
 k - a +6 ring of strength (right tentacle)
Scrolls
 d - a scroll of magic mapping {unknown}
 g - a scroll of identify {unknown}
 i - a scroll of fear {unknown}
Potions
 h - a potion of lignification {unknown}
 j - a potion of heal wounds {unknown}


   Skills:
 - Level 2.0 Fighting
 * Level 3.9 Short Blades
 + Level 3.0 Throwing
 - Level 1.0 Dodging
 - Level 5.3 Stealth


You had 3 spell levels left.
You didn't know any spells.
Your spell library was empty.

Dungeon Overview and Level Annotations

Branches:
Dungeon (3/15)

Altars:


Innate Abilities, Weirdness & Mutations

You cannot wear most types of armour.
You are amphibious.
You can wear up to eight rings at the same time.
Your skin changes colour to match your surroundings (Stealth+).
Your rubbery body absorbs attacks. (AC +1, EV +1)
((You are camouflaged near water. (Stealth+)))
You have tentacles for arms and can constrict up to eight enemies at once.


Message History

An orc wizard comes into view. It is wielding a +0 dagger.
An orc comes into view. It is wielding a +0 flail.
The orc shouts!
You hit the orc. You grab the orc. You squeeze the orc.
The orc is almost dead.
You constrict the orc.
You kill the orc!
An orc comes into view. It is wielding a +0 short sword.
The orc wizard gestures at you while chanting.
You resist with some effort.
You hit the orc wizard but do no damage.
Your grab misses the orc wizard.
You squeeze the orc wizard, but do no damage.
You hit the orc wizard. Your grab misses the orc wizard.
The orc wizard is lightly wounded.
The orc wizard hits you with a +0 dagger.
The orc barely misses you.
You hit the orc wizard. You grab the orc wizard.
The orc wizard is moderately wounded.
You constrict the orc wizard, but do no damage.
The orc wizard hits you with a +0 dagger.
You hit the orc wizard.
The orc wizard is moderately wounded.
You constrict the orc wizard.
The orc wizard escapes!
You hit the orc wizard. Your grab misses the orc wizard.
Your squeeze misses the orc wizard.
The orc wizard is heavily wounded.
The orc hits you with a +0 short sword. The orc wizard casts a spell at you.
The puff of flame hits you!
* * * LOW HITPOINT WARNING * * *
You are too injured to fight recklessly!
You are too injured to fight recklessly!
You are too injured to fight recklessly!
You hit the orc wizard. You grab the orc wizard.
The orc wizard is severely wounded.
You constrict the orc wizard. The orc hits you with a +0 flail.
* * * LOW HITPOINT WARNING * * *
The orc hits you with a +0 short sword.
You die...

######
#....#
###....#
##⌠#†...+
##....†..#
##..⌠#....#
##...##....#
#⌠..###)...#
#.<.# #.@o.#
#⌠..# #.oo.#
##...##....#
##..⌠#....#
##..+...$#
#⌠#.....
###.....
'......


You could see an orc wizard and 2 orcs.

Vanquished Creatures
  4 adders (D:2)
  A dart slug (D:2)
  An orc (D:3)
  2 endoplasms
  2 giant cockroaches
  3 goblins
  2 hobgoblins (D:2)
  7 jackals
  2 kobolds (D:1)
  3 quokkas
  2 ball pythons
  2 bats
  3 frilled lizards
  6 rats
40 creatures vanquished.

Notes
Turn   | Place    | Note
-------+----------+-------------------------------------------
     0 | D:1      | Delamore the Octopode Brigand began the quest for the Orb.
     0 | D:1      | Reached XP level 1. HP: 14/14 MP: 1/1
    38 | D:1      | Found a faded altar of an unknown god.
   323 | D:1      | Reached XP level 2. HP: 19/19 MP: 2/2
  1685 | D:2      | Reached XP level 3. HP: 24/24 MP: 3/3
  2199 | D:2      | Reached XP level 4. HP: 29/29 MP: 4/4
  2524 | D:3      | Slain by an orc

Illustrated notes

Levels and vault maps discovered:
D:1:      dpeg_arrival_arbitrary_a, layout_basic,
          hellmonk_ecumenical_altar_zigzags
D:2:      minmay_inner_zag, layout_loops_cross
D:3:      layout_basic, gup_sewer_entry_spiral, grunt_ministairs_8,
          minmay_splitting_lines, uniq_purgy, uniq_grinder

Skill      XL: |  1  2  3  4 |
---------------+-------------+-----
Short Blades   | 3 |  3.9
Throwing       | 3 |  3.0
Fighting       | |  2.0
Dodging        | |  1.0
Stealth        | |  5.3

Action                   |  1- 3 |  4- 6 || total
-------------------------+-------+-------++-------
Melee: Dagger            |    47 |    23 ||    70
       Tentacles         |     9 |     5 ||    14
       Constrict         |    13 |     8 ||    21
Throw: Stone             |     7 |       ||     7
 Stab: Sleeping          |     8 |     4 ||    12
Armor: Skin              |       |     1 ||     1
Dodge: Dodged            |    18 |     4 ||    22
